 Dungeon Crawl Stone Soup version 0.18-a0-1088-g34ef3a2 (webtiles) character file.

333 4thArraOfDagon the Chopper (level 6, -8/84 HPs)
             Began as a Hill Orc Berserker on Jan 15, 2016.
             Was a Believer of Trog.
             Killed by divine providence
             ... invoked by an orc priest
              (14 damage)
             ... on level 6 of the Dungeon.
             The game lasted 00:05:40 (981 turns).

4thArraOfDagon the Chopper (Hill Orc Berserker)      Turns: 981, Time: 00:05:40

Health: -8/84      AC:  8    Str: 25    XL:     6   Next: 53%
Magic:  6/6        EV: 11    Int:  9    God:    Trog [**....]
Gold:   121        SH:  0    Dex: 10    Spells: 0 memorised, 5 levels left

rFire  . . .     SeeInvis .     a - +0 hand axe
rCold  . . .     Gourm    .     p - +0 ring mail
rNeg   . . .     Faith    .     (no shield)
rPois  +         Spirit   .     (no helmet)
rElec  .         Dismiss  .     o - +0 cloak
rCorr  .         Reflect  .     (no gloves)
SustAt .         Harm     .     A - +0 pair of boots
MR     .....     Rnd*Tele +     (no amulet)
Stlth  ..........               k - ring of teleportation (curse)
                                B - ring of poison resistance

@: berserking, very quick, not resistant to hostile enchantments, extremely
unstealthy
A: no striking features
a: Berserk, Trog's Hand, Burn Spellbooks, Renounce Religion, Convert to Beogh,
Evoke Teleportation


You were on level 6 of the Dungeon.
You worshipped Trog.
Trog was pleased with you.
You were not hungry.

You visited 1 branch of the dungeon, and saw 6 of its levels.
You also visited: Ossuary.

You collected 121 gold pieces.

Inventory:

Hand Weapons
 a - a +0 hand axe (weapon)
Missiles
 y - a throwing net (quivered)
Armour
 o - a +0 cloak (worn)
 p - a +0 ring mail (worn)
 A - a +0 pair of boots (worn)
Jewellery
 j - an uncursed ring of sustain attributes
 k - a cursed ring of teleportation (right hand)
 B - a ring of poison resistance (left hand)
Wands
 x - a wand of random effects (20/48)
Scrolls
 b - a scroll of remove curse {unknown}
 e - a scroll of summoning {unknown}
 f - 2 scrolls of enchant weapon {unknown}
 h - 2 scrolls of recharging
 m - a scroll of fog {unknown}
 q - a scroll of amnesia {unknown}
 r - a scroll of blinking {unknown}
 s - a scroll of immolation {unknown}
 t - a scroll of random uselessness {unknown}
Potions
 d - a potion of might
 g - a potion of brilliance {unknown}
 i - a potion of heal wounds {unknown}
 n - a potion of poison {unknown}
 u - a potion of agility {unknown}
 v - 2 potions of resistance
 w - 4 potions of curing
Comestibles
 c - a bread ration
 l - a meat ration
 z - 2 chunks of flesh


   Skills:
 + Level 5.2 Fighting
 * Level 7.1 Axes
 + Level 4.2 Armour
 - Level 1.5 Dodging


You had 5 spell levels left.
You didn't know any spells.

Dungeon Overview and Level Annotations

Branches:
Dungeon (6/15)
 Temple: D:4-7

Altars:
Ru


Message History

The orc is almost dead.
The orc hits you but does no damage.
The orc priest miscasts a cantrip.
The orc wizard casts a spell.
The orc wizard blinks!
The orc warrior hits you with a scimitar.
* * * LOW HITPOINT WARNING * * *
You closely miss the orc warrior.
The orc warrior is lightly wounded.
You hit the orc but do no damage.
The orc is almost dead.
You closely miss the orc priest.
The orc priest is moderately wounded.
You hit the orc warrior.
The orc warrior is almost dead.
The orc warrior hits you with a long sword!
* * * LOW HITPOINT WARNING * * *
The orc priest calls down the wrath of Beogh upon you.
Something smites you!
You die...

.?... .o. ...... oo
.....# .. #####..o.## #.
##.........# #>
#....o.)...# #.###...ยง#
######.o...oo## ####
...$.....oo@).# .....
####....##o.### .....
#.......##..#####..#..
..##....##...........##
# ##...####...........
............<.##..# #
###>#..........##..#.#
#.##..#..#.......#.# #
#.......###.).##.#.##.##


You could see 2 orc warriors, 2 orc priests, an orc wizard and 3 orcs.

Vanquished Creatures
  A wraith (Ossuary)
  An orc wizard (D:5)
  An orc priest (D:6)
  A mummy (Ossuary)
  An adder (D:4)
  4 gnolls (D:5)
  A shadow imp (D:6)
  A giant gecko (D:6)
  11 orcs
  2 bats
  2 goblins
  A hobgoblin (D:1)
  9 jackals
  2 giant cockroaches
  3 giant newts
  5 gnoll skeletons (Ossuary)
  A kobold (D:2)
  5 kobold skeletons (Ossuary)
  7 orc skeletons (Ossuary)
  3 rats (D:2)
62 creatures vanquished.

Notes
Turn   | Place    | Note
--------------------------------------------------------------
     0 | D:1      | 4thArraOfDagon the Hill Orc Berserker began the quest for the Orb.
     0 | D:1      | Reached XP level 1. HP: 19/19 MP: 1/1
    78 | D:2      | Reached XP level 2. HP: 27/27 MP: 2/2
   285 | D:2      | Reached ** piety under Trog
   378 | D:4      | Found a sacrificial altar of Ru.
   467 | D:4      | Reached XP level 3. HP: 24/33 MP: 3/3
   500 | D:4      | Found a sand-covered staircase.
   510 | Ossuary  | Entered an ossuary
   510 | Ossuary  | Noticed a wraith
   510 | Ossuary  | Noticed a wraith
   510 | Ossuary  | Noticed a wraith
   526 | Ossuary  | Reached skill level 5 in Axes
   574 | Ossuary  | Noticed a wraith
   610 | Ossuary  | Killed a wraith
   610 | Ossuary  | Reached skill level 6 in Axes
   610 | Ossuary  | Reached XP level 4. HP: 21/41 MP: 4/4
   610 | Ossuary  | Reached XP level 5. HP: 24/47 MP: 5/5
   693 | D:5      | Entered Level 5 of the Dungeon
   753 | D:5      | Reached XP level 6. HP: 55/55 MP: 6/6
   760 | D:5      | Reached skill level 5 in Fighting
   926 | D:6      | Reached skill level 7 in Axes
   964 | D:6      | Noticed an orc warrior
   967 | D:6      | Noticed an orc warrior
   981 | D:6      | Killed from afar by an orc priest

Vault maps used:
D:1:      lightli_arrival_farm
D:2:      grunt_temple_overflow_growth_and_decay
D:3:      first_bread, minivault_26, uniq_terence
D:4:      zin_purify, lemuel_round_altar, minmay_temple_entry_overgrown,
          nicolae_ossuary_entry_monument, nicolae_qazlal_eye_of_the_storm
D:5:      lemuel_doored_altar, uniq_crazy_yiuf_cottage
D:6:      gup_sewer_entry_bowl, hangedman_decor_growths,
          minmay_large_rounded_square, kennysheep_potato, uniq_eustachio
Ossuary:  ossuary_due_mausoleum

Action                   |  1- 3 |  4- 6 || total
-------------------------+-------+-------++-------
Melee: Hand axe          |    85 |    73 ||   158
Invok: Berserk           |     3 |     3 ||     6
       Trog's Hand       |     1 |     1 ||     2
  Use: Scroll            |     3 |     1 ||     4
       Potion            |     3 |       ||     3
  Eat: Chunk             |     1 |       ||     1
       Royal jelly       |       |     1 ||     1
       Pizza             |       |     1 ||     1
       Beef jerky        |       |     1 ||     1
